 Dungeon Crawl Stone Soup version 0.21-a0-630-g344d351 (webtiles) character file.

7419 Charly the Cleaver (level 11, -1/74 HPs)
             Began as a Gargoyle Fighter on Dec 26, 2017.
             Was a Believer of the Shining One.
             Slain by an orc warrior
             ... wielding a +0 glaive
              (3 damage)
             ... on level 11 of the Dungeon.
             The game lasted 00:13:46 (7860 turns).

Charly the Cleaver (Gargoyle Fighter)               Turns: 7860, Time: 00:13:47

Health: -1/74      AC: 26    Str: 19    XL:     11   Next: 15%
Magic:  11/11      EV:  8    Int: 10    God:    the Shining One [**....]
Gold:   438        SH: 10    Dex: 12    Spells: 10/10 levels left

rFire    . . .     SeeInvis .   a - +1 war axe
rCold    + . .     Gourm    .   c - +1 shield
rNeg     + + +     Faith    .   K - +3 ring mail of Inquiry {rPois rN+}
rPois    ∞         Spirit   .   s - +2 helmet
rElec    +         Reflect  .   I - +0 cloak
rCorr    .         Harm     .   h - +1 pair of gloves
MR       .....                  u - +2 pair of boots
Stlth    +.........             (no amulet)
HPRegen  0.22/turn              z - ring of flight
MPRegen  0.12/turn              F - ring of protection from cold

@: glowing
A: negative energy resistance 1, electricity resistance, unbreathing,
petrification resistance, rot immunity, AC +8
a: Divine Shield, Renounce Religion, Evoke Flight


You were on level 11 of the Dungeon.
You worshipped the Shining One.
The Shining One was pleased with you.
You were full.

You visited 2 branches of the dungeon, and saw 12 of its levels.

You collected 438 gold pieces.

Inventory:

Hand Weapons
 a - a +1 war axe (weapon)
 E - a +0 hand axe of chopping
Missiles
 w - 2 throwing nets (quivered)
Armour
 c - a +1 shield (worn)
 h - a +1 pair of gloves (worn)
 s - a +2 helmet (worn)
 u - a +2 pair of boots (worn)
 I - a +0 cloak (worn)
 K - the +3 ring mail of Inquiry (worn) {rPois rN+}
   (You found it on level 8 of the Dungeon)

   It protects you from poison.
   It protects you from negative energy.
Jewellery
 z - a ring of flight (left hand)
 F - a ring of protection from cold (right hand)
Wands
 r - a wand of flame (31)
 A - a wand of scattershot (4)
 C - a wand of iceblast (7)
 P - a wand of acid (7)
 Q - a wand of digging (7)
Scrolls
 g - 3 scrolls of enchant armour
 l - 5 scrolls of remove curse
 o - 5 scrolls of magic mapping
 p - 4 scrolls of identify
 y - 2 scrolls of teleportation
 D - a scroll of fog
 R - a scroll of amnesia
Potions
 b - a potion of ambrosia {unknown}
 d - 2 potions of might
 i - 3 potions of curing
 j - a potion of magic {unknown}
 q - a potion of cancellation {unknown}
 v - 3 potions of heal wounds {unknown}
 x - a potion of lignification {unknown}
 B - a potion of degeneration {unknown}
 G - a potion of berserk rage {unknown}
 H - 2 potions of mutation {unknown}
Books
 n - a book of Maledictions

   Spells                             Type                      Level
   a - Corona                         Hexes                        1
   b - Ensorcelled Hibernation        Hexes/Ice                    2
   c - Confuse                        Hexes                        3
   d - Tukima's Dance                 Hexes                        3
   e - Dazzling Spray                 Conjuration/Hexes            3
 t - a book of Minor Magic

   Spells                             Type                      Level
   a - Magic Dart                     Conjuration                  1
   b - Blink                          Translocation                2
   c - Call Imp                       Summoning                    2
   d - Slow                           Hexes                        2
   e - Conjure Flame                  Conjuration/Fire             3
   f - Mephitic Cloud                 Conjuration/Poison/Air       3
 J - a book of Debilitation

   Spells                             Type                      Level
   a - Corona                         Hexes                        1
   b - Slow                           Hexes                        2
   c - Inner Flame                    Hexes/Fire                   3
   d - Portal Projectile              Hexes/Translocation          3
   e - Cause Fear                     Hexes                        4
   f - Leda's Liquefaction            Hexes/Earth                  4
 M - a book of Cantrips

   Spells                             Type                      Level
   a - Confusing Touch                Hexes                        1
   b - Animate Skeleton               Necromancy                   1
   c - Summon Small Mammal            Summoning                    1
   d - Apportation                    Translocation                1
 N - a book of Changes

   Spells                             Type                      Level
   a - Beastly Appendage              Transmutation                1
   b - Sticks to Snakes               Transmutation                2
   c - Spider Form                    Transmutation/Poison         3
   d - Ice Form                       Ice/Transmutation            4
   e - Blade Hands                    Transmutation                5
Comestibles
 f - 18 rations


   Skills:
 + Level 11.1 Fighting
 * Level 12.4 Axes
 - Level 3.2 Armour
 - Level 3.2 Shields


You had 10 spell levels left.
You didn't know any spells.

Dungeon Overview and Level Annotations

Branches:
Dungeon (11/15)            Temple (1/1) D:5            Lair (0/6) D:11
    Orc: D:9-12

Altars:
Ashenzari
Dithmenos
Elyvilon
Fedhas
Gozag
Makhleb
Nemelex Xobeh
Okawaru
Qazlal
Sif Muna
The Shining One

Shops:
D:4 [   D:8 (   D:9 (


Innate Abilities, Weirdness & Mutations

You are resistant to torment.
Your stone body is resilient. (AC +8)
You are immune to poison.
You resist negative energy. (rN+)
You are resistant to electric shocks. (rElec)
You can survive without breathing.
You are immune to petrification.
You are immune to rotting.


Message History

The orc wizard hits you but does no damage.
You see here a mace.
You hit the orc wizard.
The orc wizard is heavily wounded.
You barely miss the orc. You barely miss the orc warrior.
The orc warrior hits you with a glaive.
* * * LOW HITPOINT WARNING * * *
You block the orc's attack.
The orc wizard gestures at you while chanting.
The magic dart hits you!
* * * LOW HITPOINT WARNING * * *
Unknown command.
You slash the orc warrior!
The orc warrior is heavily wounded.
You barely miss the orc wizard. You hit the orc but do no damage.
The orc wizard gestures at you while chanting.
The magic dart hits you!
* * * LOW HITPOINT WARNING * * *
You block the orc's attack. The orc warrior hits you with a glaive.
You die...

*,#§###...#,*,*
*,#hhr..#,*,#.*
*,#######,*,#.#
*,,,,,,,,,*,#.#
*********,*,#.#
,,,,,,,****,#.##########****
******,,,,,,#...........,,,*
*****#######....o......,,,*
#.,,,.(....%...@o......,,,*
*#)##########....o......,,,*
,#.#..........#+########****
,#...............#
,#...............#
,#...............#
,#...............#
,+......†.)....>##
,#..###########+#**


You could see an orc warrior, an orc wizard and an orc.

Vanquished Creatures
  A two-headed ogre (D:8)
  An ugly thing (D:11)
  A komodo dragon (D:11)
  The ghost of p0werm0de the Covert, a novice OpEn (D:8)
  A troll (D:9)
  A queen bee (D:9)
  Grinder (D:4)
  Prince Ribbit (D:7)
  A hippogriff (D:4)
  Menkaure (D:5)
  2 ice beasts
  3 orc warriors
  2 sky beasts
  A black bear (D:6)
  6 phantoms
  A necrophage (D:9)
  4 ogres
  5 centaurs
  Blork the orc (D:4)
  A big kobold (D:11)
  2 bullfrogs
  4 scorpions
  20 killer bees (D:9)
  4 crimson imps
  A centaur zombie (D:4)
  A quasit (D:8)
  2 bullfrog skeletons (D:7)
  A jelly (D:5)
  A gnoll shaman (D:7)
  A hound (D:4)
  3 orc priests
  8 orc wizards
  An iguana (D:4)
  6 worker ants
  A hound zombie (D:8)
  Robin (D:4)
  19 gnolls
  10 adders
  A shadow imp (D:10)
  An ooze (D:5)
  An adder zombie (D:6)
  2 adder skeletons
  4 worms
  3 dart slugs
  3 leopard geckos
  43 orcs
  12 bats
  5 giant cockroaches
  15 goblins
  8 hobgoblins
  16 jackals
  7 kobolds
  7 quokkas
  3 frilled lizards
  A jackal skeleton (D:6)
  A quokka zombie (D:5)
  10 rats
  A fungus (D:7)
266 creatures vanquished.

Notes
Turn   | Place    | Note
-------+----------+-------------------------------------------
     0 | D:1      | Charly the Gargoyle Fighter began the quest for the Orb.
     0 | D:1      | Reached XP level 1. HP: 14/14 MP: 1/1
    37 | D:1      | Reached skill level 2 in Axes
   171 | D:1      | Reached XP level 2. HP: 19/19 MP: 2/2
   544 | D:2      | Reached XP level 3. HP: 24/24 MP: 3/3
   737 | D:2      | Reached skill level 3 in Axes
   760 | D:2      | Found a blossoming altar of Fedhas.
  1038 | D:2      | Reached XP level 4. HP: 29/29 MP: 4/4
  1245 | D:3      | Reached XP level 5. HP: 26/34 MP: 5/5
  1279 | D:3      | Reached skill level 4 in Axes
  1292 | D:3      | Found a burning altar of Makhleb.
  1511 | D:3      | Reached XP level 6. HP: 11/40 MP: 6/6
  1569 | D:3      | Found an iron altar of Okawaru.
  1570 | D:3      | Found a shadowy altar of Dithmenos.
  1834 | D:3      | Found a deep blue altar of Sif Muna.
  1834 | D:3      | Found a white marble altar of Elyvilon.
  1834 | D:3      | Found an opulent altar of Gozag.
  1887 | D:4      | Noticed a hippogriff
  1895 | D:4      | Noticed a phantom
  1903 | D:4      | Killed a hippogriff
  1903 | D:4      | Reached skill level 5 in Fighting
  1903 | D:4      | Reached skill level 5 in Axes
  1905 | D:4      | Found Guimm's Armour Emporium.
  1993 | D:4      | Killed a phantom
  1993 | D:4      | Reached XP level 7. HP: 15/44 MP: 7/7
  2203 | D:4      | Noticed Robin
  2218 | D:4      | Killed Robin
  2244 | D:4      | Reached skill level 6 in Axes
  2771 | D:4      | Found a stormy altar of Qazlal.
  2840 | D:4      | Noticed Blork the orc
  2855 | D:4      | Killed Blork the orc
  2943 | D:4      | Reached XP level 8. HP: 47/52 MP: 8/8
  3059 | D:4      | Found a stormy altar of Qazlal.
  3120 | D:4      | Noticed Grinder
  3122 | D:4      | Paralysed by Grinder for 3 turns
  3134 | D:4      | Paralysed by Grinder for 4 turns
  3142 | D:4      | Paralysed by Grinder for 2 turns
  3153 | D:4      | Paralysed by Grinder for 3 turns
  3165 | D:4      | Killed Grinder
  3165 | D:4      | Reached skill level 7 in Axes
  3398 | D:5      | Entered Level 5 of the Dungeon
  3790 | D:5      | Noticed Menkaure
  3805 | D:5      | Killed Menkaure
  4052 | D:5      | Reached skill level 8 in Axes
  4541 | D:5      | Found a staircase to the Ecumenical Temple.
  4547 | Temple   | Entered the Ecumenical Temple
  4553 | Temple   | Became a worshipper of the Shining One
  4644 | D:6      | Reached XP level 9. HP: 59/59 MP: 9/9
  4717 | D:6      | Found a shattered altar of Ashenzari.
  4895 | D:6      | Reached skill level 9 in Axes
  4934 | D:6      | Reached * piety under the Shining One
  5942 | D:7      | Noticed Prince Ribbit
  6109 | D:7      | Reached skill level 10 in Axes
  6144 | D:7      | Found the +7 Singing Sword
  6200 | D:7      | Killed Prince Ribbit
  6233 | D:8      | Noticed p0werm0de's ghost (novice OpEn)
  6260 | D:8      | Killed p0werm0de's ghost
  6260 | D:8      | Reached XP level 10. HP: 66/66 MP: 10/10
  6298 | D:8      | Noticed a two-headed ogre
  6311 | D:8      | Killed a two-headed ogre
  6361 | D:8      | Reached ** piety under the Shining One
  6370 | D:8      | Found Zoud's Weapon Boutique.
  6390 | D:8      | Reached skill level 11 in Axes
  6435 | D:8      | Got a faintly glowing ring mail
  6446 | D:8      | Identified the +3 ring mail of Inquiry {rPois rN+} (You found it on level 8 of the Dungeon)
  6802 | D:9      | Found a sparkling altar of Nemelex Xobeh.
  6808 | D:9      | Reached skill level 10 in Fighting
  7109 | D:9      | Found Enel's Weapon Shoppe.
  7130 | D:9      | Reached skill level 12 in Axes
  7244 | D:10     | Entered Level 10 of the Dungeon
  7273 | D:10     | Reached XP level 11. HP: 57/73 MP: 11/11
  7306 | D:10     | Noticed a skeletal warrior
  7307 | D:10     | Noticed a skeletal warrior
  7309 | D:10     | Noticed a skeletal warrior
  7777 | D:11     | Noticed a brown ugly thing
  7792 | D:11     | Killed a brown ugly thing
  7860 | D:11     | HP: 2/74 [orc wizard/magic dart (7)]
  7860 | D:11     | Slain by an orc warrior

Vault maps used:
D:1:      onia_arrival_handbag, minmay_tetromino_i2
D:2:      fedhas_altar_4, first_ration, grunt_decor_arrowhead
D:3:      gammafunk_temple_overflow_claw, gammafunk_temple_overflow_pools,
          bloody_makhleb
D:4:      nicolae_overflow_hidden_temple, serial_shops, shop,
          serial_bayou_ford_a, grunt_qazlal_sundering, uniq_robin,
          uniq_blork_the_orc, uniq_grinder
D:5:      minmay_temple_entry_enclosed_plants, serial_co_window_serial,
          co_window_paths_a, co_window_corner_a, co_window_paths_b,
          co_window_corner_a, co_window_paths_b, co_window_corner_a,
          co_window_of_opportunity_c, co_window_paths_c, co_window_corner_cb,
          co_window_paths_d, glass_columns_a, glass_columns_a, glass_columns_a,
          glass_columns_a, glass_columns_b, uniq_menkaure
D:6:      nicolae_ashenzari_panopticon
D:7:      old_forge, uniq_prince_ribbit1
D:8:      serial_shops, shop
D:9:      basic_altar, serial_shops, kennysheep_little_box, david_nohive_1
D:10:     evilmike_butchery
D:11:     nicolae_whirlpool, david_lair_shrubbed
Temple:   dshaligram_water_room_temple

Skill      XL: |  1  2  3  4  5  6  7  8  9 10 11 |
---------------+----------------------------------+-----
Axes           | 2 3 4 5 6 8 10 12 | 12.4
Fighting       | 4 5 6 7 9 10 11 | 11.1
Armour         | |  3.2
Shields        | |  3.2

Action                   |  1- 3 |  4- 6 |  7- 9 | 10-12 || total
-------------------------+-------+-------+-------+-------++-------
Melee: War axe           |   114 |    54 |   209 |   262 ||   639
       Hand axe          |       |   120 |   270 |       ||   390
Evoke: Wand              |       |       |     1 |       ||     1
  Use: Scroll            |     2 |     5 |     1 |     7 ||    15
       Potion            |       |     1 |       |       ||     1
  Eat: Chunk             |       |     3 |     8 |     4 ||    15
       Ration            |       |       |     2 |     2 ||     4
Armor: Scale mail        |    51 |   106 |   189 |       ||   346
       Plate armour      |       |       |    76 |    32 ||   108
       Ring mail         |       |       |       |   172 ||   172
Dodge: Dodged            |    34 |    51 |    83 |    97 ||   265
Block: Shield            |    49 |    98 |   216 |   145 ||   508

Table legend:
 A = Spawn XP
 B = Non-spawn XP
 C = Spawn XP percentage of total XP
 D = Spawn monster count
 E = Non-spawn monster count
 F = Spawn count percentage of total count
 G = Total turns spent on level
                    A         B        C        D         E        F      G
               +---------+---------+-------+---------+---------+-------+---------
         Total |       0 |   10599 |   0.0 |       0 |     265 |   0.0 |  7860
               +---------+---------+-------+---------+---------+-------+---------
           D:1 |       0 |      31 |   0.0 |       0 |      18 |   0.0 |   514
           D:2 |       0 |     105 |   0.0 |       0 |      23 |   0.0 |   693
           D:3 |       0 |     197 |   0.0 |       0 |      28 |   0.0 |   836
           D:4 |       0 |    1232 |   0.0 |       0 |      35 |   0.0 |  1355
           D:5 |       0 |     727 |   0.0 |       0 |      20 |   0.0 |  1159
           D:6 |       0 |     870 |   0.0 |       0 |      28 |   0.0 |   682
           D:7 |       0 |    1275 |   0.0 |       0 |      33 |   0.0 |   980
           D:8 |       0 |    1635 |   0.0 |       0 |      18 |   0.0 |   533
           D:9 |       0 |    2908 |   0.0 |       0 |      44 |   0.0 |   479
          D:10 |       0 |     333 |   0.0 |       0 |       9 |   0.0 |   116
          D:11 |       0 |    1286 |   0.0 |       0 |       9 |   0.0 |   500
               +---------+---------+-------+---------+---------+-------+---------
